Map: Golden Wall LE

Players

Lambo - Winner!

  • Race: Zerg Zerg
  • Spawn Location: 5:00

Astrea

  • Race: Protoss Protoss
  • League: Master
  • Spawn Location: 7:00

Event: War Chest Team League

VOD

Have the link to the VOD?

Description

Time

  • Played on: July 31, 2020, 5:13 a.m.
  • Length: 10:17
Show
View Real Time Build Order
Export as new Build Order

Lambo Zerg - Winner!

Build Orders: Hatch First 

Get SALT Encoding   

  12  0:00  Drone  
  13  0:12  Overlord  
  13  0:17  Drone  
  14  0:31  Drone x2  
  16  0:48  Hatchery  
  15  0:52  Drone  
  15  0:56  Drone  
  17  1:00  Drone  
  18  1:09  Extractor  
  17  1:14  Spawning Pool  
  16  1:19  Drone  
  16  1:22  Drone  
  18  1:28  Drone  
  19  1:39  Drone  
  20  1:52  Overlord  
  20  2:02  Queen  
  20  2:03  Zergling x4  
  20  2:05  Queen  
  26  2:12  Drone x2  
  28  2:24  Drone x2  
  30  2:33  Drone x2  
  32  2:38  Hatchery  
  32  2:43  Pneumatized Carapace  
  31  2:46  Drone  
  31  2:51  Overlord  
  32  2:56  Queen  
  34  3:01  Drone  
  34  3:04  Drone  
  36  3:12  Drone  
  37  3:13  Drone x3  
  37  3:17  Metabolic Boost  
  37  3:19  Overlord  
  40  3:24  Drone x2  
  42  3:32  Drone x2  
  44  3:36  Queen  
  44  3:40  Overlord  
  46  3:42  Drone x2  
  46  3:47  Overlord  
  48  3:50  Overlord  
  48  3:51  Drone  
  48  3:55  Drone x2  
  51  3:59  Queen  
  51  4:00  Drone  
  54  4:03  Drone x2  
  54  4:09  Drone x3  
  59  4:14  Drone  
  59  4:15  Queen  
  62  4:19  Spore Crawler  
  62  4:23  Zergling x2, Spore Crawler  
  62  4:24  Spore Crawler  
  60  4:25  Zergling x4  
  60  4:30  Zergling x2  
  60  4:31  Zergling x4  
  65  4:37  Zergling x4  
  67  4:41  Zergling x2, Roach Warren  
  67  4:42  Zergling x2  
  68  4:47  Zergling x6  
  70  4:55  Drone x8  
  78  5:00  Lair  
  78  5:03  Drone  
  78  5:04  Drone  
  78  5:05  Drone  
  81  5:10  Drone  
  81  5:11  Extractor  
  81  5:12  Extractor  
  81  5:13  Evolution Chamber  
  79  5:14  Overlord  
  79  5:16  Overlord  
  79  5:18  Drone x3  
  82  5:22  Overlord  
  82  5:27  Overlord  
  82  5:29  Overlord  
  82  5:31  Overlord  
  82  5:32  Overlord x2  
  82  5:34  Overlord  
  82  5:39  Roach x4  
  82  5:40  Drone x2  
  92  5:48  Drone x2  
  91  5:50  Drone x2  
  91  5:51  Drone  
  91  5:54  Extractor  
  91  5:55  Extractor  
  91  5:56  Extractor  
  91  5:57  Zerg Missile Weapons Level 1  
  91  6:00  Baneling Nest  
  91  6:03  Drone x4  
  94  6:04  Drone  
  94  6:06  Drone x2  
  94  6:08  Glial Reconstitution  
  94  6:11  Drone x2  
  98  6:12  Drone  
  100  6:22  Drone x2  
  102  6:28  Drone  
  102  6:29  Roach x4  
  102  6:30  Roach x2  
  115  6:35  Roach  
  117  6:42  Roach x3  
  117  6:43  Centrifical Hooks  
  123  6:52  Roach x3  
  129  6:57  Baneling x4  
  128  7:02  Overlord  
  128  7:03  Roach x4  
  128  7:05  Hatchery  
  128  7:06  Overlord  
  128  7:08  Roach x5  
  143  7:10  Overlord  
  144  7:18  Roach x3  
  144  7:21  Queen  
  154  7:29  Ravager x4  
  156  7:30  Overlord  
  156  7:31  Zergling x4  
  156  7:34  Roach  
  156  7:35  Overlord  
  156  7:36  Zergling x14  
  167  7:37  Ravager  
  167  7:42  Zergling x2  
  167  7:43  Zergling x4  
  152  7:52  Zergling x6  
  130  8:01  Roach x2  
  130  8:03  Roach  
  130  8:05  Roach x3  
  123  8:06  Roach  
  123  8:07  Roach x2  
  123  8:10  Roach  
  120  8:13  Roach  
  120  8:18  Roach x2  
  120  8:19  Overseer  
  116  8:22  Roach  
  116  8:25  Roach  
  115  8:29  Roach x2  
  117  8:34  Roach x3  
  117  8:38  Roach  
  117  8:41  Roach  
  112  8:45  Roach x2  
  112  8:48  Roach  
  107  8:56  Roach x3  
  107  8:59  Roach  
  109  9:03  Ravager  
  109  9:04  Ravager  
  109  9:06  Zergling x2  
  109  9:07  Zergling x2  
  112  9:11  Zergling x2  
  112  9:12  Zergling x2  
  112  9:13  Zergling x4  
  112  9:15  Ravager  
  112  9:16  Overseer  
  117  9:19  Ravager  
  117  9:22  Zergling x2  
  117  9:23  Zergling x4  
  121  9:25  Zergling x2  
  121  9:26  Zergling x2  
  121  9:27  Ravager  
  121  9:29  Zergling x2  
  125  9:34  Overseer  
  125  9:35  Zergling x6  
  125  9:37  Ravager  
  127  9:42  Roach x3  
  123  9:46  Roach  
  123  9:48  Roach  
  118  9:53  Roach x2  
  118  9:56  Roach  
  118  9:57  Roach  
Show
View Real Time Build Order
Export as new Build Order

Astrea Protoss 

Build Orders: 1 Gate Expand, Zealot Archon, Archon Drop, Dark Templar Rush 

Get SALT Encoding   

  12  0:00  Probe  
  13  0:12  Probe  
  14  0:18  Pylon  
  14  0:24  Probe (Chrono Boost)  
  15  0:36  Probe (Chrono Boost)  
  15  0:39  Gateway  
  16  0:45  Probe (Chrono Boost)  
  16  0:47  Assimilator  
  17  0:51  Probe  
  18  1:03  Probe  
  19  1:15  Probe  
  20  1:24  Nexus  
  20  1:33  Cybernetics Core  
  20  1:37  Probe  
  21  1:45  Assimilator  
  21  1:50  Probe  
  21  1:53  Pylon  
  22  2:02  Probe  
  23  2:08  Adept (Chrono Boost)  
  23  2:10  Warp Gate, Probe  
  26  2:18  Probe  
  27  2:29  Probe  
  27  2:30  Stalker (Chrono Boost)  
  27  2:35  Twilight Council  
  30  2:37  Probe  
  30  2:41  Probe  
  32  2:49  Probe  
  33  2:53  Robotics Facility  
  33  2:55  Probe  
  34  3:01  Probe  
  35  3:07  Probe  
  36  3:14  Probe  
  36  3:16  Dark Shrine  
  36  3:19  Probe  
  38  3:23  Gateway  
  39  3:27  Adept  
  39  3:31  Gateway  
  41  3:38  Warp Prism (Chrono Boost)  
  40  3:44  Probe (Chrono Boost)  
  40  3:48  Probe (Chrono Boost)  
  44  3:49  Pylon  
  44  3:55  Probe (Chrono Boost)  
  45  3:57  Assimilator  
  45  3:58  Probe (Chrono Boost)  
  45  4:02  Assimilator  
  46  4:04  Pylon  
  46  4:06  Probe  
  46  4:08  Adept, Probe  
  50  4:18  Probe  
  50  4:20  Probe  
  52  4:30  Probe  
  53  4:32  Pylon, Probe  
  54  4:38  Dark Templar x3  
  54  4:44  Probe  
  61  4:50  Probe  
  62  4:55  Nexus  
  62  4:56  Nexus  
  62  4:59  Probe  
  63  5:05  Probe  
  63  5:06  Archon  
  64  5:07  Dark Templar  
  64  5:09  Observer (Chrono Boost)  
  64  5:11  Probe  
  64  5:12  Pylon  
  64  5:13  Archon  
  68  5:17  Probe  
  69  5:21  Forge  
  69  5:23  Probe  
  70  5:29  Pylon  
  70  5:30  Probe  
  70  5:31  Sentry  
  70  5:32  Sentry  
  70  5:35  Sentry  
  77  5:37  Probe  
  78  5:47  Immortal (Chrono Boost)  
  78  5:49  Blink (Chrono Boost), Protoss Ground Weapons Level 1 (Chrono Boost)  
  82  5:50  Probe  
  82  5:52  Probe  
  82  5:56  Gateway  
  82  5:57  Gateway  
  84  5:58  Gateway  
  84  6:04  Sentry  
  86  6:08  Sentry  
  88  6:17  Gateway  
  88  6:21  Probe  
  88  6:22  Probe  
  88  6:23  Immortal (Chrono Boost)  
  94  6:33  Probe  
  94  6:37  Assimilator  
  94  6:38  Sentry x2  
  94  6:39  Pylon x2  
  99  6:40  Photon Cannon  
  99  6:53  Stalker  
  101  6:58  Pylon  
  101  7:00  Pylon  
  101  7:01  Stalker x4  
  101  7:02  Stalker  
  111  7:19  Stalker x2, Pylon  
  111  7:20  Pylon  
  111  7:22  Pylon, Probe x3  
  118  7:27  Stalker x3  
  124  7:31  Stalker  
  124  7:32  Stalker  
  124  7:34  Probe  
  125  7:44  Zealot x2  
  125  7:45  Probe x2  
  117  7:55  Probe  
  106  7:59  Stalker x5  
  106  8:00  Probe x2  
  102  8:08  Dark Templar  
  92  8:13  Probe  
  92  8:16  Stalker  
  92  8:18  Probe  
  93  8:23  Stalker x3  
  93  8:25  Probe x2  
  99  8:30  Probe  
  100  8:35  Pylon  
  100  8:37  Probe x2  
  85  8:42  Probe  
  72  8:48  Stalker x3  
  72  8:49  Stalker  
  79  9:00  Probe  
  79  9:02  Nexus  
  78  9:11  Dark Templar x2  
  78  9:13  Sentry  
  84  9:17  Probe x2  
  84  9:20  Sentry  
  88  9:29  Probe  
  89  9:34  Sentry  
  89  9:37  Stalker, Shield Battery  
  93  9:43  Zealot  
  93  9:45  Dark Templar  
  89  9:50  Zealot x3  
  61  10:06  Stalker  
  61  10:07  Stalker  
Tags
 
Add a new tag
Caveats
  • Supply blocks, unpowered buildings, or Contaminate may cause inaccurate times.
  • Supply counts are checked every 10 seconds.